 Dungeon Crawl Stone Soup version 0.25-a0-886-gd7461d2276 (webtiles) character file.

Game seed: 1564606591563487949, levelgen mode: deterministic

39 Maedhros the Sneak (level 3, 0/23 HPs)
             Began as an Octopode Artificer on May 1, 2020.
             Slain by a hound (3 damage)
             ... on level 4 of the Dungeon.
             The game lasted 00:01:18 (561 turns).

Maedhros the Sneak (Octopode Artificer)              Turns: 561, Time: 00:01:18

Health: 0/23       AC:  1    Str: 11    XL:     3   Next: 45%
Magic:  5/5        EV: 13    Int: 13    God:
Gold:   18         SH:  0    Dex: 13    Spells: 2/2 levels left

rFire    . . .     SeeInvis .   a - +0 short sword
rCold    . . .     Gourm    +   (no shield)
rNeg     . . .     Faith    .   (helmet restricted)
rPois    .         Spirit   .   i - amulet of the gourmand
rElec    .         Reflect  .   (no ring)
rCorr    .         Harm     .   (no ring)
MR       .....                  (no ring)
Stlth    +++.......             (no ring)
HPRegen  0.07/turn              (no ring)
MPRegen  0.09/turn              (no ring)
                                (no ring)
                                (no ring)

@: no status effects
A: almost no armour, stealthy swim, amphibious, 8 rings, constrict 8, camouflage
1, gelatinous body 1
a: no special abilities


You were on level 4 of the Dungeon.
You were not hungry.

You visited 1 branch of the dungeon, and saw 4 of its levels.

You collected 18 gold pieces.

Inventory:

Hand Weapons
 a - a +0 short sword (weapon)
 h - a +0 hunting sling
Jewellery
 i - an amulet of the gourmand (around mantle)
Wands
 b - a wand of flame (13)
 c - a wand of enslavement (15)
 d - a wand of random effects (15)
Scrolls
 e - a scroll of identify {unknown}
 k - a scroll of fog {unknown}
 l - a scroll of blinking {unknown}
Potions
 g - a potion of berserk rage {unknown}
 j - a potion of brilliance {unknown}
Comestibles
 f - 2 rations


   Skills:
 - Level 1.0 Fighting
 - Level 1.0 Short Blades
 - Level 2.0 Dodging
 - Level 4.0 Stealth
 + Level 1.5 Unarmed Combat
 - Level 3.2 Evocations


You had 2 spell levels left.
You didn't know any spells.
Your spell library was empty.

Dungeon Overview and Level Annotations

Branches:
Dungeon (4/15)
 Temple: D:4-7

Altars:

Annotations:
D:4 Pikel


Innate Abilities, Weirdness & Mutations

You cannot wear most types of armour.
You are very stealthy in the water. (Stealth+)
You are amphibious.
You can wear up to eight rings at the same time.
You can use your tentacles to constrict eight enemies at once.
Your skin changes colour to match your surroundings (Stealth+).
Your rubbery body absorbs attacks. (AC +1, EV +1)


Message History

A hound is nearby!
A hound is nearby!
Found a scroll labeled ZEESUA PIM XOI.
A leopard gecko and 2 slaves come into view.
The slave shouts!
You hear a shout!
The slave shouts!
A slave comes into view.
The slave moves out of view.
The leopard gecko hisses angrily.
The hound bites you.
Found a stone staircase leading down and a stone staircase leading up.
You miss the hound. You grab the hound.
You constrict the hound, but do no damage.
The hound misses you.
A slave comes into view.
The hound bites you.
Pikel the Slaver comes into view.
He is wielding a +0 whip of freezing.
You release your grip on the hound.
The slave hits you!
* * * LOW HITPOINT WARNING * * *
The hound bites you.
You die...

#.# #.# #.#
##.## #.# #....
#.# #..## #.#
#..# #.# #..#
#.# #..# #.#
#..# .K.####@#
#..# ...p.lph#
#..#
...p.......>#
#..#
..............<
#.#######?.####
# .... #.### .#
.#


You could see 3 slaves, a hound and a leopard gecko.

Vanquished Creatures
  An adder (D:2)
  An ooze (D:2)
  2 worms
  2 dart slugs
  A ball python (D:2)
  A giant cockroach (D:2)
  A goblin (D:1)
  2 hobgoblins (D:1)
  A bat (D:1)
  2 frilled lizards
  A kobold (D:1)
  4 rats
19 creatures vanquished.

Notes
Turn   | Place    | Note
-------+----------+-------------------------------------------
     0 | D:1      | Maedhros the Octopode Artificer began the quest for the
                  | Orb.
     0 | D:1      | Reached XP level 1. HP: 13/13 MP: 3/3
    19 | D:1      | Reached skill level 2 in Stealth
    46 | D:1      | Reached skill level 3 in Stealth
    46 | D:1      | Reached XP level 2. HP: 9/18 MP: 4/4
   270 | D:2      | Reached skill level 4 in Stealth
   270 | D:2      | Reached skill level 1 in Unarmed Combat
   270 | D:2      | Reached XP level 3. HP: 15/23 MP: 5/5
   558 | D:4      | Noticed a slave
   558 | D:4      | Noticed a slave
   558 | D:4      | Noticed a slave
   560 | D:4      | Noticed a slave
   561 | D:4      | Noticed Pikel
   561 | D:4      | Slain by a hound

Levels and vault maps discovered:
D:1:      lemuel_arrival_behind_the_door_large, layout_basic
D:2:      layout_basic
D:3:      layout_loops_corners, eino_tiny_chamber, serial_bayou_lagoon_a,
          uniq_robin
D:4:      layout_basic, gammafunk_ghost_gnarly_gnolls, sigmund_army, uniq_pikel

Skill      XL: |  1  2 |
---------------+-------+-----
Stealth        | 3 4 |  4.0
Unarmed Combat | 1 |  1.5
Fighting       | |  1.0
Short Blades   | |  1.0
Dodging        | |  2.0
Evocations     | |  3.2

Action                   || total
-------------------------++-------
Melee: Short sword       ||    44
       Constrict         ||    15
       Tentacles         ||    11
Evoke: Wand              ||     2
 Stab: Sleeping          ||     2
  Eat: Chunk             ||     3
Armor: Skin              ||     5
Dodge: Dodged            ||    28

Table legend:
 A = Non-vault XP
 B = Vault XP
 C = Vault XP percentage of total XP
 D = Non-vault monster count
 E = Vault monster count
 F = Vault count percentage of total count
                 A         B        C        D         E       F
            +---------+---------+-------+---------+---------+-------
      Total |      56 |       0 |   0.0 |      19 |       0 |   0.0
            +---------+---------+-------+---------+---------+-------
        D:1 |      15 |       0 |   0.0 |       9 |       0 |   0.0
        D:2 |      30 |       0 |   0.0 |       6 |       0 |   0.0
        D:3 |      11 |       0 |   0.0 |       4 |       0 |   0.0
            +---------+---------+-------+---------+---------+-------
